 Dungeon Crawl Stone Soup version 0.31-a0-949-g57150269e1 (webtiles) character file.

Game seed: 6295753475073982481

102087 RepHenryClay the Tortoise (level 15, -3/122 (124) HPs)
             Began as a Demonspawn Berserker on Oct 21, 2023.
             Was the Champion of Trog.
             Slain by an iron giant simulacrum (26 damage)
             ... on level 3 of the Abyss on Oct 22, 2023.
             The game lasted 00:50:12 (25818 turns).

RepHenryClay the Tortoise (Demonspawn Berserker)   Turns: 25818, Time: 00:50:13

HP:   -3/122 (124)  AC: 26    Str: 24    XL:     15   Next: 85%
MP:   15/15         EV: 20    Int:  8    God:    Trog [******]
Gold: 1310          SH:  0    Dex: 22    Spells: 14/14 levels left

rFire   + .          .
                       - Unarmed
rCold   + . .        (no shield)
rNeg    . . .        r - +7 chain mail of Miugonac {Dex+3}
rPois   +            (helmet restricted)
rElec   .            w - +1 cloak {rPois}
rCorr   .            v - +2 pair of gloves {Dex+3}
SInv    .            (boots unavailable)
Will    ++...        M - amulet of regeneration Stlth
                     k - ring of protection from cold
HPRegen 0.00/turn    L - +5 ring of evasion
MPRegen 0.14/turn

%: no passive effects
@: confused, ambrosia-drunk, on berserk cooldown, sick, inhibited regen, slowed,
lightly drained, very slow
A: antennae 1, hooves 3, ignite blood 1, spiny 3, demonic touch 2, fire
resistance 1, strong-willed 1, inhibited regeneration, strong 1, [no potion heal
1]
a: Renounce Religion, Berserk, Trog's Hand, Brothers in Arms


You were on level 3 of the Abyss.
You worshipped Trog.
Trog was exalted by your worship.
You visited 3 branches of the dungeon, and saw 20 of its levels.
You visited the Abyss 1 time.

You collected 2394 gold pieces.
You spent 1084 gold pieces at shops.

Inventory:

Hand Weapons
 P - a +4 antimagic demon blade
Missiles
 b - 40 poisoned darts (quivered)
 f - 4 curare-tipped darts
 l - 5 darts of dispersal
 q - 4 throwing nets
Armour
 a - the +1 chain mail of Spring Thaw {Harm Drain rElec Str+4}
   (You found it on level 7 of the Dungeon)

   Str+4:     It affects your strength (+4).
   rElec:     It insulates you from electricity.
   Drain:     It drains your maximum health when unequipped.
   Harm:      It increases damage dealt and taken.
 r - the +7 chain mail of Miugonac (worn) {Dex+3}
   (You bought it in a shop on level 2 of the Orcish Mines)

   Dex+3:     It affects your dexterity (+3).
 s - a +0 kite shield of reflection
 v - a +2 pair of gloves of dexterity (worn)
 w - a +1 cloak of poison resistance (worn)
 z - a +4 chain mail of fire resistance
 E - a +0 leather armour of cold resistance
 K - +0 acid dragon scales
Jewellery
 i - a +5 ring of evasion
 j - a ring of flight
 k - a ring of protection from cold (left hand)
 t - a ring of positive energy
 B - a ring of resist corrosion
 G - a ring of protection from fire
 L - a +5 ring of evasion (right hand)
 M - an amulet of regeneration (around neck)
Wands
 u - a wand of paralysis (19)
 y - a wand of flame (29)
 A - a wand of roots (9)
 O - a wand of mindburst (4)
Scrolls
 g - 2 scrolls of teleportation
 h - 3 scrolls of enchant armour
 m - 4 scrolls of enchant weapon
 n - a scroll of poison
 C - 4 scrolls of identify {@r1}
 F - a scroll of revelation
 H - a scroll of noise
 I - a scroll of blinking
 N - a scroll of immolation
Potions
 c - a potion of lignification
 d - 4 potions of mutation
 e - 5 potions of curing
 o - 5 potions of attraction
 p - 3 potions of enlightenment
 x - 4 potions of ambrosia
 D - 5 potions of haste
 J - a potion of berserk rage


   Skills:
 + Level 13.5 Fighting
 - Level 6.3 Maces & Flails
 - Level 6.0 Throwing
 * Level 15.3 Armour
 + Level 8.9 Dodging
 + Level 14.1 Unarmed Combat


You had 14 spell levels left.
You didn't know any spells.
Your spell library was empty.

Dungeon Overview and Level Annotations

Branches:
Dungeon (13/15)            Temple (0/1) D:4            Lair (5/5) D:10
 Shoals (0/4) Lair:3       Spider (0/4) Lair:2        Slime (0/5) Lair:5
    Orc (2/2) D:11            Elf (0/3) Orc:2
 Vaults: D:13-14

Altars:
Kikubaaqudgha
Sif Muna
Xom
Yredelemnul

Shops:
D:6 [   D:7 *   D:9 **   D:11 :   Orc:2 ?=(?!*?

Annotations:
D:7 good cloak


Innate Abilities, Weirdness & Mutations

You have a pair of small antennae on your head.
You have hooves in place of feet.
Your demonic aura sometimes causes spilled blood to erupt in flames.
You are completely covered in sharp spines.
Your touch may inflict irresistible damage on your foes.
Your flesh is heat resistant. (rF+)
You are strong-willed. (Will+)
You do not regenerate when monsters are visible.
Your muscles are strong. (Str +4, Int/Dex -1)
[Potions are less effective at restoring your health.]


Message History

Welcome back, RepHenryClay the Demonspawn Berserker.
Trog says: Kill them all!
Press ? for a list of commands and other information.
You pummel the profane servitor!! Your kick misses the profane servitor.
Your punch misses the profane servitor.
The profane servitor is almost destroyed.
The profane servitor hits you but does no damage.
The profane servitor completely misses you.
You punch the profane servitor! Your kick misses the profane servitor.
The profane servitor is almost destroyed.
An iron giant simulacrum comes into view.
You miss the profane servitor. Your kick misses the profane servitor.
You touch the profane servitor!
Your punch misses the profane servitor.
The profane servitor is almost destroyed.
The profane servitor hits you but does no damage.
The profane servitor closely misses you.
You punch the profane servitor!
You destroy the profane servitor!
Trog accepts your kill.
You feel the corruption within you wane somewhat.
You lose the ability to drink potions when taking damage less often.
Your system partly accepts the healing effects of potions.
You no longer become unable to drink potions after taking damage.
You feel a strong urge to attack something.
You feel your anger nearly subside.
You are no longer berserk.
You are exhausted.
You feel yourself slow down.
Huge Dmg: -9%(-11hp) hp: 18%(21hp) Welcome back, RepHenryClay the Demonspawn Berserker.
Trog says: Kill them all!
Press ? for a list of commands and other information.
You are confused.
Your system partially rejects the healing.
You feel invigorated.
You start resting.
An iron giant simulacrum is nearby!
You bump into the crystal wall.
The iron giant simulacrum hits you!
* * * LOW HITPOINT WARNING * * *
The iron giant simulacrum freezes you!! You resist.
You die...

#.#. ## . #.. .# ..
#...#.. ..###. ..# #
#.. ....#. ##...###.
# ..# ..#.. ...###.
.. ..##.##.##..###.
.#... #....##...#.#
).. .Z # #.....#
#..#..# .#.. #.#
##.#Z.# #...## ..
.#..@.## . #... #
......####### ..#...
#...##.#.#.....##....
. ##...#. ..# # .. ..
# . ..##.# ..... #.##
.#. ##.#..# ###.
#..... #.... . ##.##.
#. .#


You could see an iron giant simulacrum.

Vanquished Creatures
  Saint Roka (Orc:2)
  A profane servitor (Abyss:3)
  A lich (Abyss:3)
  2 tentacled starspawn (Abyss:3)
  A tengu reaver (D:11)
  Donald (Orc:1)
  A starcursed mass (Abyss:3)
  A fire dragon (Lair:5)
  A great orb of eyes (Abyss:3)
  A rakshasa (Abyss:3)
  8 hydras
  A catoblepas (Lair:1)
  4 centaur warriors
  5 boulder beetles
  2 tengu warriors (D:13)
  7 two-headed ogres
  6 orc high priests
  3 death yaks (Lair:2)
  A thrashing horror (Abyss:3)
  Urug (Lair:1)
  Sonja (Orc:2)
  A wretched star (Abyss:3)
  2 skysharks
  A sixfirhy (Abyss:3)
  An orb spider (Lair:2)
  A glowing orange brain (Abyss:3)
  A lindwurm (Lair:5)
  2 deep elf pyromancers
  8 orc knights
  3 orc sorcerers
  2 manticores
  3 cyclopes
  3 ugly things
  10 black mambas
  2 apocalypse crabs (Abyss:3)
  14 elephants
  A torpor snail (Lair:4)
  A water nymph (Lair:3)
  3 molten gargoyles (Lair:5)
  11 cane toads
  Maurice (D:8)
  A smoke demon (Abyss:3)
  Psyche (D:10)
  2 gargoyles (D:13)
  3 large abominations (Abyss:3)
  Maggie (D:8)
  An efreet (D:13)
  A rime drake (Lair:3)
  2 kobold demonologists
  A freezing wraith (Abyss:3)
  2 unseen horrors
  2 ancient zymes (Abyss:3)
  6 komodo dragons
  7 trolls
  A queen bee (Lair:2)
  2 hornets
  3 meliai (D:13)
  3 polar bears
  7 blink frogs
  Prince Ribbit (D:8)
  3 raiju (Abyss:3)
  A flying skull (Abyss:3)
  4 dream sheep (Lair:4)
  A slime creature (D:9)
  Sigmund (D:4)
  9 shadows
  4 wyverns
  A vampire (D:11)
  53 yaks
  6 humans (D:7)
  5 basilisks
  2 wraiths
  5 steam dragons
  14 vampire mosquitoes
  4 wargs
  A chaos spawn (Abyss:3)
  4 acid dragons
  5 hell hounds (Lair:5)
  16 water moccasins
  4 black bears
  3 ice beasts
  36 orc warriors
  5 ogres
  2 phantoms
  3 centaurs
  5 kobold brigands
  15 bullfrogs
  2 gnoll sergeants
  3 scorpions
  10 wights
  30 killer bees
  7 electric eels
  5 howler monkeys
  4 lava snakes (Lair:5)
  30 orc priests
  3 gnoll boudas
  6 hounds
  3 jellies
  An iron imp (Abyss:3)
  A sleepcap (D:4)
  7 iguanas
  Ijyb (D:7)
  21 orc wizards
  2 human simulacra (D:11)
  13 adders
  22 gnolls
  2 shadow imps
  3 white imps
  4 ufetubi
  2 worms
  5 dart slugs
  103 orcs
  6 ball pythons
  6 bats
  7 endoplasms
  2 giant cockroaches
  12 goblins
  16 hobgoblins
  17 jackals
  20 kobolds
  3 quokkas
  5 frilled lizards (D:1)
  4 rats
768 creatures vanquished.

Vanquished Creatures (collateral kills)
  An Executioner (Abyss:3)
1 creature vanquished.

Vanquished Creatures (others)
  An orc (D:9)
  A lurking horror (Abyss:3)
  5 starspawn tentacles (Abyss:3)
7 creatures vanquished.

Grand Total: 776 creatures vanquished

Notes
Turn   | Place    | Note
-------+----------+-------------------------------------------
     0 | D:1      | RepHenryClay the Demonspawn Berserker began the quest for
                  | the Orb.
     0 | D:1      | Reached XP level 1. HP: 18/18 MP: 1/1
    87 | D:1      | Reached skill level 2 in Armour
    89 | D:1      | Discovered your monstrous ancestry.
    89 | D:1      | Gained mutation: Your touch may inflict minor irresistible
                  | damage on your foes. [demonic ancestry]
    89 | D:1      | Reached XP level 2. HP: 19/24 MP: 2/2
   571 | D:1      | Gained mutation: You are partially covered in sharp spines.
                  | [demonic ancestry]
   571 | D:1      | Reached XP level 3. HP: 29/29 MP: 3/3
  1006 | D:2      | Reached ** piety under Trog
  1161 | D:2      | Gained mutation: Your demonic aura sometimes causes spilled
                  | blood to erupt in flames. [demonic ancestry]
  1161 | D:2      | Reached XP level 4. HP: 32/35 MP: 4/4
  1166 | D:2      | Reached skill level 3 in Armour
  1277 | D:2      | Found a faded altar of an unknown god.
  1545 | D:3      | Gained mutation: You are mostly covered in sharp spines.
                  | [demonic ancestry]
  1545 | D:3      | Reached XP level 5. HP: 40/41 MP: 5/5
  2220 | D:4      | Reached *** piety under Trog
  2390 | D:4      | Reached skill level 4 in Armour
  2609 | D:4      | Noticed a black bear
  2614 | D:4      | Killed a black bear
  2615 | D:4      | Gained mutation: You have large cloven feet. [demonic
                  | ancestry]
  2615 | D:4      | Reached XP level 6. HP: 47/47 MP: 6/6
  2625 | D:4      | Noticed Sigmund
  2629 | D:4      | Killed Sigmund
  2630 | D:4      | Reached skill level 5 in Maces & Flails
  2676 | D:4      | Noticed a water moccasin
  2681 | D:4      | Killed a water moccasin
  2682 | D:4      | Reached skill level 5 in Armour
  2682 | D:4      | Gained mutation: You have a pair of small antennae on your
                  | head. [demonic ancestry]
  2682 | D:4      | Reached XP level 7. HP: 52/52 MP: 7/7
  2994 | D:4      | Found a staircase to the Ecumenical Temple.
  3059 | D:4      | Reached **** piety under Trog
  3204 | D:5      | Entered Level 5 of the Dungeon
  3244 | D:5      | Reached skill level 1 in Unarmed Combat
  3297 | D:5      | Reached XP level 8. HP: 49/58 MP: 8/8
  3624 | D:5      | Reached skill level 5 in Unarmed Combat
  3902 | D:5      | Found an ancient bone altar of Kikubaaqudgha.
  3905 | D:5      | Found a basalt altar of Yredelemnul.
  4319 | D:6      | Gained mutation: You have hoof-like feet. [demonic
                  | ancestry]
  4319 | D:6      | Reached XP level 9. HP: 42/63 MP: 9/9
  4642 | D:6      | Found Gufad's Antique Armour Shoppe.
  4649 | D:6      | Bought a pair of runed gloves for 187 gold pieces
  4649 | D:6      | Bought a glowing cloak for 187 gold pieces
  5725 | D:7      | Identified the +1 chain mail of Spring Thaw {Harm Drain
                  | rElec Str+4}
  5874 | D:7      | Found Kym Zism's Fire Supplies.
  6028 | D:7      | Reached ***** piety under Trog
  6075 | D:7      | Reached skill level 10 in Unarmed Combat
  6075 | D:7      | Noticed Ijyb
  6080 | D:7      | Received a gift from Trog
  6087 | D:7      | Reached XP level 10. HP: 65/70 MP: 10/10
  6128 | D:7      | Killed Ijyb
  6446 | D:8      | Reached skill level 6 in Armour
  6471 | D:8      | Noticed Prince Ribbit
  6489 | D:8      | Killed Prince Ribbit
  6648 | D:8      | Noticed Maggie
  6655 | D:8      | Killed Maggie
  6839 | D:8      | Noticed Maurice
  6841 | D:8      | Killed Maurice
  7204 | D:9      | Identified the "Surec"
  7240 | D:9      | Gained mutation: Your flesh is heat resistant. (rF+)
                  | [potion of mutation]
  7240 | D:9      | Gained mutation: You do not regenerate when monsters are
                  | visible. [potion of mutation]
  7240 | D:9      | Gained mutation: You are strong-willed. (Will+) [potion of
                  | mutation]
  7240 | D:9      | Gained mutation: Your muscles are strong. (Str +4, Int/Dex
                  | -1) [potion of mutation]
  7244 | D:9      | Reached skill level 7 in Armour
  7247 | D:9      | Reached skill level 5 in Fighting
  7599 | D:9      | Gained mutation: You are completely covered in sharp
                  | spines. [demonic ancestry]
  7599 | D:9      | Reached XP level 11. HP: 81/81 MP: 11/11
  7618 | D:9      | Found Saettar's General Store.
  7627 | D:9      | Bought a scroll of identify for 34 gold pieces
  7768 | D:9      | Noticed a two-headed ogre
  7774 | D:9      | Killed a two-headed ogre
  7985 | D:9      | Reached skill level 8 in Armour
  7993 | D:9      | Noticed a centaur warrior
  7997 | D:9      | Killed a centaur warrior
  8019 | D:9      | Noticed a two-headed ogre
  8024 | D:9      | Killed a two-headed ogre
  8287 | D:9      | Found Oshug's Assorted Antiques.
  8294 | D:9      | Reached skill level 9 in Armour
  8370 | D:9      | Bought a scroll labelled XUILAW GUKK for 28 gold pieces
  8403 | D:9      | Noticed a centaur warrior
  8409 | D:9      | Killed a centaur warrior
  8743 | D:9      | Noticed a brown ugly thing
  8751 | D:9      | Killed a brown ugly thing
  8847 | D:10     | Entered Level 10 of the Dungeon
  8847 | D:10     | Noticed Psyche
  8852 | D:10     | Killed Psyche
  9010 | D:10     | Received a gift from Trog
  9133 | D:10     | Found a shimmering blue altar of Sif Muna.
  9149 | D:10     | Found a staircase to the Lair.
  9313 | D:10     | Reached skill level 10 in Armour
  9325 | D:10     | Reached XP level 12. HP: 84/96 MP: 12/12
  9346 | D:10     | Reached skill level 10 in Fighting
 10110 | D:11     | Noticed a boulder beetle
 10112 | D:11     | Noticed a two-headed ogre
 10123 | D:11     | Killed a two-headed ogre
 10124 | D:11     | Killed a boulder beetle
 10141 | D:11     | Found a staircase to the Orcish Mines.
 10599 | D:11     | Noticed a two-headed ogre
 10608 | D:11     | Killed a two-headed ogre
 10799 | D:11     | Found Kicawaog's Book Shoppe.
 10814 | D:11     | Received a gift from Trog
 10948 | D:12     | Noticed a boulder beetle
 11135 | Lair:1   | Entered Level 1 of the Lair of Beasts
 11301 | Lair:1   | Reached skill level 11 in Armour
 11391 | Lair:1   | Noticed a catoblepas
 11405 | Lair:1   | Killed a catoblepas
 11521 | Lair:1   | Noticed a four-headed hydra
 11525 | Lair:1   | Killed a four-headed hydra
 11618 | Lair:1   | Noticed Urug
 11632 | Lair:1   | Killed Urug
 12385 | Lair:2   | Noticed a seven-headed hydra
 12513 | Lair:2   | Found a hole to the Spider Nest.
 12527 | Lair:2   | Gained mutation: You have hooves in place of feet. [demonic
                  | ancestry]
 12527 | Lair:2   | Reached XP level 13. HP: 105/105 MP: 13/13
 12616 | Lair:2   | You fall into a shaft and drop 2 floors!
 12668 | Lair:2   | Reached skill level 1 in Throwing
 13110 | Lair:2   | Reached skill level 5 in Dodging
 13466 | Lair:2   | Reached skill level 12 in Armour
 14213 | Lair:2   | Found a hole to the Spider Nest.
 16618 | Lair:5   | Entered Level 5 of the Lair of Beasts
 16813 | Lair:5   | Reached skill level 5 in Throwing
 16897 | Lair:5   | Found a staircase to the Slime Pits.
 16911 | Lair:5   | Reached XP level 14. HP: 96/114 MP: 14/14
 16919 | Lair:5   | Reached ****** piety under Trog
 17190 | Lair:5   | Received a gift from Trog
 17913 | Lair:5   | Reached skill level 13 in Armour
 18301 | Lair:5   | Found a large runed translucent door.
 18302 | Lair:5   | Found a large runed translucent door.
 18688 | Orc:1    | Entered Level 1 of the Orcish Mines
 19484 | Orc:2    | Entered Level 2 of the Orcish Mines
 19484 | Orc:2    | Noticed Sonja
 19484 | Orc:2    | Found a staircase to the Elven Halls.
 19502 | Orc:2    | Found Ocoivveo's Distillery.
 19503 | Orc:2    | Killed Sonja
 19982 | Orc:2    | Found Hopeunow's Assorted Antiques.
 19990 | Orc:2    | Bought a brightly glowing chain mail for 313 gold pieces
 19990 | Orc:2    | Identified the +7 chain mail of Miugonac {Dex+3} (You
                  | bought it in a shop on level 2 of the Orcish Mines)
 20024 | Orc:2    | Found a shimmering altar of Xom.
 20190 | Orc:2    | Noticed Donald
 20340 | Orc:1    | Killed Donald
 20406 | Orc:2    | Found Biurodeh's Magic Scroll Shop.
 20438 | Orc:2    | Bought a scroll of identify for 26 gold pieces
 20438 | Orc:2    | Bought a scroll of revelation for 97 gold pieces
 20513 | Orc:2    | Noticed Saint Roka
 21040 | Orc:1    | Received a gift from Trog
 21304 | Orc:2    | Killed Saint Roka
 22417 | Orc:2    | Reached skill level 14 in Armour
 22757 | Orc:2    | Gained mutation: Your touch may inflict irresistible damage
                  | on your foes. [demonic ancestry]
 22757 | Orc:2    | Reached XP level 15. HP: 122/122 MP: 15/15
 22887 | Orc:2    | Found Ewkotael's Magic Scroll Shoppe.
 22887 | Orc:2    | Found Peoddaf's Weapon Shoppe.
 22888 | Orc:2    | Found Gopnepuc's Jewellery Emporium.
 22888 | Orc:2    | Found Amug Emo's Magic Scroll Shoppe.
 22895 | Orc:2    | Bought a scroll of identify for 26 gold pieces
 22895 | Orc:2    | Bought a scroll of noise for 13 gold pieces
 22895 | Orc:2    | Bought a scroll of identify for 26 gold pieces
 22898 | Orc:2    | Bought a scroll of teleportation for 42 gold pieces
 22898 | Orc:2    | Bought a scroll of blinking for 105 gold pieces
 23517 | D:12     | Received a gift from Trog
 23755 | D:11     | Noticed a tengu reaver
 23775 | D:11     | Killed a tengu reaver
 25167 | Abyss:3  | Cast into level 3 of the Abyss (vault guard)
 25299 | Abyss:3  | Noticed an Executioner
 25305 | Abyss:3  | Killed an Executioner
 25396 | Abyss:3  | Noticed a lich
 25411 | Abyss:3  | Killed a lich
 25471 | Abyss:3  | Received a gift from Trog
 25472 | Abyss:3  | Reached skill level 15 in Armour
 25558 | Abyss:3  | Noticed a tentacled starspawn
 25565 | Abyss:3  | Killed a tentacled starspawn
 25598 | Abyss:3  | Noticed a tentacled starspawn
 25603 | Abyss:3  | Killed a tentacled starspawn
 25777 | Abyss:3  | Noticed a profane servitor
 25802 | Abyss:3  | Killed a profane servitor
 25818 | Abyss:3  | Slain by an iron giant simulacrum

Illustrated notes

Levels and vault maps discovered:
D:1:      grunt_arrival_lava_bath, layout_loops_cross, minmay_lizard_pond
D:2:      layout_rooms, ebering_ecumenical_altar_petrified
D:3:      layout_loops_ring
D:4:      layout_loops_corners, minmay_temple_entry_nine_rooms,
          corexii_checkpoint_b, serial_bayou_pond_b, uniq_sigmund
D:5:      layout_loops_ring, grunt_temple_overflow_cloverleaf,
          minmay_fractal_squares_diagonal_5
D:6:      layout_loops_ring, serial_shops, shop, minmay_misc_feat_room
D:7:      erik_cavepeople, layout_basic, minmay_misc_feat_cross,
          nicolae_shop_fire_sale [nicolae_sub_dead_trees], fountainhead
D:8:      layout_basic, uniq_maurice, uniq_prince_ribbit1, uniq_maggie
D:9:      layout_roguey, serial_shops, nicolae_shop_trees, shop,
          chequers_big_river, minmay_pinched_square
D:10:     layout_basic, mainiacjoe_overflow_alcove_1,
          due_lair_maze_entry_diamond, dk_vineyard_3, uniq_psyche
D:11:     minmay_klotski, layout_long_grid, serial_shops, shop,
          bh_circular_ruins
D:12:     layout_irregular_city
D:13:     layout_cave_pods, hellmonk_vaults_keyhole, grunt_ministairs_5
Lair:1:   layout_cave_pods, dpeg_stationary_puzzle, uniq_urug
Lair:2:   layout_small_grid, nicolae_spider_entry_orb_guardian, special_room
          [special_room_bee], st_stairs_5, grunt_megastairs_4
Lair:3:   layout_chaotic_city, nicolae_shoals_entry_flooding
Lair:4:   layout_regular_city, serial_bayou_ford_a, grunt_megastairs_3
Lair:5:   cheibrodos_lair_end_hotspot, layout_regular_city, slime_entry_1
Orc:1:    cheibrodos_orc_bank, layout_diamond_mine, bh_open_orc_temple
Orc:2:    st_orc_pillars, layout_diamond_mine, serial_shops, shop,
          nicolae_shop_pleasant_corner_grove, shop, basic_altar,
          minmay_orc_barracks, uniq_donald, uniq_saint_roka, uniq_sonja
Abyss:3:  base: Orc:1, evilmike_abyss_exit_1, minivault_11, base: Orc:1, base:
          Orc:1, base: Orc:1, base: Orc:1, base: Orc:1, base: Orc:1,
          minivault_19, hangedman_abyss_or_decor_stabs,
          evilmike_abyss_rune_siren_acolytes,
          evilmike_abyss_rune_siren_acolytes, base: Orc:1,
          hangedman_shadowy_showcase, evilmike_abyss_exit_7, base: D:13, base:
          D:13, base: D:13, base:
D:13

Skill      XL: |  1  2  3  4  5  6  7  8  9 10 11 12 13 14 15 |
---------------+----------------------------------------------+-----
Armour         | 2 3 4 5 7 10 11 12 14 15 | 15.3
Dodging        | 2 4 6 7 8 |  8.9
Maces & Flails | 3 4 5 6 |  6.3
Unarmed Combat | 1 6 10 11 12 13 14 | 14.1
Fighting       | 5 9 10 11 12 13 | 13.5
Throwing       | 5 6 |  6.0

Action                     |  1- 3 |  4- 6 |  7- 9 | 10-12 | 13-15 || total
---------------------------+-------+-------+-------+-------+-------++-------
  Melee: Mace              |    85 |    19 |       |       |       ||   104
         Touch             |     8 |    11 |    46 |    72 |   167 ||   304
         Punch             |     1 |     1 |    10 |    27 |    84 ||   123
         Flail             |       |    60 |   215 |       |       ||   275
         Kick              |       |     3 |    70 |    31 |   351 ||   455
         Unarmed           |       |       |    40 |   306 |   863 ||  1209
  Throw: Dart              |       |       |       |    30 |    35 ||    65
 Invoke: Berserk           |     1 |       |     4 |       |     4 ||     9
         Trog's Hand       |       |       |       |     1 |       ||     1
         Brothers in Arms  |       |       |       |       |     2 ||     2
  Evoke: Wand              |       |       |       |    12 |     2 ||    14
    Use: Potion            |       |       |       |     2 |    11 ||    13
         Scroll            |       |       |       |     7 |    21 ||    28
   Stab: Paralysed         |       |       |       |     3 |       ||     3
         Invisible         |       |       |       |       |     5 ||     5
         Distracted        |       |       |       |       |     2 ||     2
 Armour: Animal skin       |    29 |       |       |       |       ||    29
         Scale mail        |    23 |    20 |       |       |       ||    43
         Chain mail        |       |    30 |   168 |   230 |   573 ||  1001
  Dodge: Dodged            |    58 |    50 |    93 |    92 |   545 ||   838

Table legend: (Time is in decaauts)
 A = Elapsed time spent in this place.
 B = Non-inter-level travel time spent in this place.
 C = Inter-level travel time spent in this place.
 D = Time resting spent in this place.
 E = Time spent auto-exploring this place.
 F = Levels seen in this place.
 G = Mean time per level.
                   A        B        C        D        E       F      G
               +--------+--------+--------+--------+--------+-----+--------+
         Total |  25706 |  24263 |   1443 |   3487 |  16533 |  21 | 1224.1 |
       Dungeon |  13362 |  12548 |    814 |    759 |   9579 |  13 | 1027.8 |
          Lair |   7435 |   7088 |    347 |    760 |   5473 |   5 | 1487.0 |
  Orcish Mines |   4274 |   3993 |    281 |   1749 |   1481 |   2 | 2137.0 |
         Abyss |    634 |    634 |      0 |    218 |      0 |   1 |  634.0 |
               +--------+--------+--------+--------+--------+-----+--------+

Top non-repeatable levels by time:
   Orc:1: 2841 daAuts
  Lair:2: 1933 daAuts
  Lair:5: 1708 daAuts
    D:11: 1590 daAuts
     D:9: 1515 daAuts
  Lair:1: 1497 daAuts
   Orc:2: 1433 daAuts
     D:5: 1326 daAuts
    D:10: 1252 daAuts
  Lair:4: 1243 daAuts
     D:4: 1054 daAuts
  Lair:3: 1052 daAuts
     D:1: 981 daAuts
     D:6: 953 daAuts
     D:8: 933 daAuts
